 Dungeon Crawl Stone Soup version 0.29.1-2-gbd0b4ee654 (webtiles) character file.

Game seed: 16619906757090742714

2 qeuew the Slasher (level 1, -1/16 HPs)
             Began as a Demonspawn Gladiator on Nov 2, 2022.
             Slain by an endoplasm (2 damage)
             ... on level 1 of the Dungeon.
             The game lasted 00:00:22 (27 turns).

qeuew the Slasher (Demonspawn Gladiator)              Turns: 27, Time: 00:00:23

Health: -1/16      AC:  4    Str: 14    XL:     1   Next: 33%
Magic:  1/1        EV: 12    Int:  9    God:
Gold:   12         SH:  0    Dex: 14    Spells: 0/0 levels left

rFire   . . .      SeeInvis .   a - +0 long sword
rCold   . . .      Faith    .   (no shield)
rNeg    . . .      Spirit   .   b - +0 leather armour
rPois   .          Reflect  .   c - +0 helmet
rElec   .          Harm     .   (no cloak)
rCorr   .          Rampage  .   (no gloves)
Will    .....                   (no boots)
Stlth   +.........              (no amulet)
HPRegen 0.05/turn               (no ring)
MPRegen 0.07/turn               (no ring)

@: no status effects
A: no striking features
a: no special abilities


You were on level 1 of the Dungeon.
You visited 1 branch of the dungeon, and saw 1 of its levels.

You collected 12 gold pieces.

Inventory:

Hand Weapons
 a - a +0 long sword (weapon)
Missiles
 d - 3 throwing nets (quivered)
 e - a javelin
Armour
 b - a +0 leather armour (worn)
 c - a +0 helmet (worn)


   Skills:
 + Level 2.0 Fighting
 + Level 2.7 Long Blades
 + Level 1.7 Throwing
 * Level 0.1 Armour
 + Level 2.7 Dodging


You couldn't memorise any spells.
You didn't know any spells.
Your spell library was empty.

Dungeon Overview and Level Annotations

Branches:
Dungeon (1/15)

Altars:


Message History

The kobold shouts!
You slash the endoplasm!
You kill the endoplasm!
A frilled lizard comes into view.
The ball python barely misses you. The ball python grabs you.
The ball python constricts you. The ball python completely misses you.
The ball python constricts you.
The frilled lizard hisses angrily.
You hit the ball python.
You kill the ball python!
A kobold comes into view. It is wielding a +0 whip.
The kobold throws a stone.
The stone hits you but does no damage.
An endoplasm comes into view.
The kobold hits you with a +0 dagger.
You closely miss the kobold.
The endoplasm quivers.
The kobold hits you but does no damage. The kobold closely misses you.
The frilled lizard barely misses you.
You closely miss the kobold. The kobold misses you.
The frilled lizard barely misses you. The kobold hits you with a +0 dagger.
There are monsters nearby!
You barely miss the kobold. The kobold hits you but does no damage.
The frilled lizard bites you. The kobold barely misses you.
You hit the kobold but do no damage. The kobold hits you with a +0 whip.
The frilled lizard closely misses you. The kobold misses you.
The kobold hits you but does no damage. The kobold barely misses you.
The frilled lizard misses you.
You are too injured to fight recklessly!
The frilled lizard barely misses you.
The frilled lizard attacks as you move away!
The frilled lizard misses you. The endoplasm freezes you.
You are frozen.
* * * LOW HITPOINT WARNING * * *
You miss the frilled lizard. The frilled lizard misses you.
The endoplasm barely misses you.
You slash the frilled lizard!
You kill the frilled lizard!
The kobold barely misses you. The endoplasm hits you.
You die...

....... ####.#
........###....## ......
.........##.....# ......
.........##.....##......
.........#......#......
.....................#
.....................#
...........#?........#
...........#...K@....#
...............K.J.#.#
...................#
~P...P~~~≈~~~~P....#
≈~...~~≈~~~~≈~~.......
≈~...≈~≈~~~~≈≈~.........
~.....~~~≈~~~~P.........
...<....................
≈.....≈~~~~~~~P.........


You could see an endoplasm and 2 kobolds.

Vanquished Creatures
  A ball python (D:1)
  An endoplasm (D:1)
  A frilled lizard (D:1)
3 creatures vanquished.

Notes
Turn   | Place    | Note
-------+----------+-------------------------------------------
     0 | D:1      | qeuew the Demonspawn Gladiator began the quest for the Orb.
     0 | D:1      | Reached XP level 1. HP: 16/16 MP: 1/1
    27 | D:1      | Slain by an endoplasm

Illustrated notes

Levels and vault maps discovered:
D:1:      giann_bridges, layout_rooms, hellmonk_ecumenical_altar_watching_god,
          minmay_unequal

Action                   || total
-------------------------++-------
Melee: Long sword        ||     9
Armor: Leather armour    ||     4
Dodge: Dodged            ||    17
